 Dungeon Crawl Stone Soup version 0.30-a0-279-g4b46babb21 (webtiles) character file.

Game seed: 3969316878614890969

55357 gruber the Thaumaturge (level 14, -5/109 HPs)
             Began as a Gnoll Ice Elementalist on Oct 16, 2022.
             Was an Initiate of Gozag.
             Slain by a freezing wraith (8 damage)
             ... led by a death knight
             ... on level 15 of the Dungeon.
             The game lasted 00:47:11 (25070 turns).

gruber the Thaumaturge (Gnoll Ice Elementalist)    Turns: 25070, Time: 00:47:12

Health: -5/109     AC: 25    Str:  9    XL:     14   Next: 77%
Magic:  24/29      EV: 12    Int: 28    God:    Gozag
Gold:   3364       SH: 17    Dex: 12    Spells: 21/35 levels left

rFire   + + +      SeeInvis +    C - +6 flail of Viqufon {elec, Int+6}
rCold   + + +      Faith    .    B - +1 kite shield {AC+3}
rNeg    . . .      Spirit   .    S - +3 ring mail of Siczimm {+Blink +Inv}
rPois   +          Reflect  +    T - +0 helmet {Int+3}
rElec   +          Harm     .    Q - scarf {rC+ rF+}
rCorr   +          Rampage  +    x - +0 pair of gloves
Will    +....                    A - +0 pair of boots
Stlth   ++++......               P - amulet "Qyghirr" {Reflect Rampage rF++ rC- SH+5 SInv}
HPRegen 0.38/turn                l - ring of protection from cold
MPRegen 0.21/turn                a - ring of ice

@: ice-armoured, resistant, gold aura, slowed, very slow
A: fangs 1, strong nose, distributed training
a: Renounce Religion, Evoke Blink, Evoke Invisibility, Potion Petition, Call
Merchant, Bribe Branch


You were on level 15 of the Dungeon.
You worshipped Gozag.
Gozag was most pleased with you.
You visited 2 branches of the dungeon, and saw 18 of its levels.
You also visited: Gauntlet.

You collected 4486 gold pieces.
You spent 389 gold pieces at shops.
You paid 733 gold pieces to Gozag.

Inventory:

Hand Weapons
 C - the +6 flail of Viqufon (weapon) {elec, Int+6}
   (You took it off a minotaur in a Gauntlet)

   It occasionally discharges a powerful burst of electricity upon striking a
   foe.
   Int:       It affects your intelligence (+6).
Missiles
 y - a throwing net
 K - 3 silver javelins
Armour
 x - a +0 pair of gloves (worn)
 A - a +0 pair of boots (worn)
 B - a +1 kite shield of protection (worn)
 Q - a scarf of resistance (worn)
 S - the +3 ring mail of Siczimm (worn) {+Blink +Inv}
   (You found it in a Gauntlet)

   +Inv:      It lets you turn invisible.
   +Blink:    It lets you blink.
 T - a +0 helmet of intelligence (worn)
Jewellery
 a - a ring of ice (right hand)
 l - a ring of protection from cold (left hand)
 J - a ring of protection from fire
 P - the amulet "Qyghirr" (around neck) {Reflect Rampage rF++ rC- SH+5 SInv}
   (You found it on level 13 of the Dungeon)

   [amulet of reflection]

   It reflects blocked missile attacks.
   rF:        It greatly protects you from fire.
   rC:        It makes you vulnerable to cold.
   SInv:      It lets you see invisible.
   SH:        It affects your SH (+5).
   Rampage:   It bestows one free step when moving towards enemies.
Wands
 n - a wand of flame (53)
 o - a wand of mindburst (29)
 p - a wand of charming (11)
 u - a wand of iceblast (7)
 N - a wand of polymorph (12)
Scrolls
 c - a scroll of vulnerability {unknown}
 d - 3 scrolls of blinking {unknown}
 e - 2 scrolls of identify
 f - 6 scrolls of butterflies {unknown}
 m - a scroll of immolation {unknown}
 q - 7 scrolls of magic mapping {unknown}
 t - 6 scrolls of enchant weapon {unknown}
 v - 4 scrolls of fear {unknown}
 D - 10 scrolls of teleportation
 G - 2 scrolls of poison
Potions
 b - 3 potions of magic
 g - a potion of might
 h - 3 potions of heal wounds
 i - 9 potions of curing
 j - a potion of cancellation {unknown}
 k - 2 potions of brilliance
 r - 6 potions of lignification
 s - 3 potions of resistance
 w - a potion of berserk rage {unknown}
 z - 4 potions of attraction
 E - a potion of haste
 H - 6 potions of flight
Miscellaneous
 O - a piece from Xom's chessboard (15/15)


   Skills:
 + Level 9.8 Fighting
 + Level 9.8 Short Blades
 + Level 9.8 Long Blades
 + Level 9.8 Axes
 + Level 9.8 Maces & Flails
 + Level 9.8 Polearms
 + Level 9.8 Staves
 + Level 9.8 Ranged Weapons
 + Level 9.8 Throwing
 + Level 9.8 Armour
 + Level 10.9 Dodging
 + Level 10.7 Stealth
 + Level 9.8 Shields
 + Level 9.8 Unarmed Combat
 + Level 11.0 Spellcasting
 + Level 8.2 Conjurations
 + Level 8.2 Hexes
 + Level 8.2 Summonings
 + Level 8.2 Necromancy
 + Level 8.2 Translocations
 + Level 8.2 Transmutations
 + Level 8.2 Fire Magic
 + Level 10.9 Ice Magic
 + Level 8.2 Air Magic
 + Level 8.2 Earth Magic
 + Level 8.2 Poison Magic
 + Level 10.7 Invocations
 + Level 9.8 Evocations


You had 21 spell levels left.
You knew the following spells:

 Your Spells              Type           Power      Damage    Failure   Level
a - Freeze                Ice            100%       1d10      1%          1
b - Frozen Ramparts       Ice            100%       1d16      1%          3
c - Ozocubu's Armour      Ice            86%        N/A       1%          3
d - Summon Ice Beast      Ice/Summ       81%        N/A       3%          4
e - Hailstorm             Conj/Ice       81%        3d16      1%          3

Your spell library contained the following spells:

 Spells                   Type           Power      Damage    Failure   Level
 Apportation              Tloc           100%       N/A       1%          1
 Kiss of Death            Conj/Necr      100%       2d13      1%          1
 Magic Dart               Conj           100%       1d8       1%          1
 Necrotise                Necr           100%       1d9       1%          1
 Slow                     Hex            100%       N/A       1%          1
 Summon Small Mammal      Summ           100%       N/A       1%          1
 Blink                    Tloc           100%       N/A       1%          2
 Ensorcelled Hibernation  Hex/Ice        100%       N/A       1%          2
 Momentum Strike          Conj/Tloc      100%       3d10      1%          2
 Searing Ray              Conj           100%       2d8       1%          2
 Static Discharge         Conj/Air       100%       2-7/arc   1%          2
 Confusing Touch          Hex            58%        N/A       1%          3
 Gell's Gravitas          Tloc           58%        N/A       1%          3
 Inner Flame              Hex/Fire       58%        N/A       1%          3
 Lesser Beckoning         Tloc           100%       N/A       1%          3
 Spider Form              Tmut/Pois      58%        N/A       1%          3
 Summon Guardian Golem    Hex/Summ       58%        N/A       1%          3
 Teleport Other           Tloc           58%        N/A       1%          3
 Vampiric Draining        Necr           58%        2d10      1%          3
 Vhi's Electric Charge    Tloc/Air       100%       N/A       1%          3
 Ice Form                 Ice/Tmut       81%        N/A       3%          4
 Anguish                  Hex/Necr       29%        N/A       6%          4
 Dispel Undead            Necr           58%        3d21      6%          4
 Flame Wave               Conj/Fire      58%        2d14      6%          4
 Fulminant Prism          Conj/Hex       29%        3d14      6%          4
 Leda's Liquefaction      Hex/Erth       29%        N/A       6%          4
 Sticky Flame             Conj/Fire      58%        2d7       6%          4
 Summon Lightning Spire   Summ/Air       58%        N/A       6%          4
 Arcjolt                  Conj/Air       29%        1d39      17%         5
 Lee's Rapid Deconstruct  Erth           29%        3d16*     17%         5
 Lightning Bolt           Conj/Air       29%        1d45      17%         5
 Dispersal                Tloc           29%        N/A       67%         6
 Statue Form              Tmut/Erth      38%        N/A       67%         6
 Monstrous Menagerie      Summ           29%        N/A       99%         7
 Simulacrum               Ice/Necr       Unusable   N/A       N/A         6

Dungeon Overview and Level Annotations

Branches:
Dungeon (15/15)            Temple (0/1) D:7            Lair (3/5) D:8
 Spider (0/4) Lair:2          Orc (0/2) D:12         Vaults (0/5) D:13
 Depths (0/4) D:15        Gauntlet (visited)
  Swamp: Lair:2-3    Shoals: Lair:2-3

Altars:
Ashenzari
Elyvilon
Gozag
Hepliaklqana
Makhleb
Nemelex Xobeh
Okawaru
Qazlal
Ru
Sif Muna
Uskayaw
Wu Jian
Yredelemnul
The Shining One

Shops:
D:5 [:(?*   D:9 *

Portals:
Trove: D:11 (give +2 storm dragon scales)

Annotations:
D:6 3 runed translucent doors, Tenar's ghost, novice OpEE
D:11 exclusion: orange crystal statue
D:12 3 runed translucent doors, Bane11's ghost, journeyman DsBe


Innate Abilities, Weirdness & Mutations

You have very sharp teeth.
Your uncanny sense of smell can sniff out nearby items.
Your experience applies equally to all skills.


Message History

The freezing wraith completely resists.
The wall freezes the freezing wraith but does no damage.
The freezing wraith barely misses you. The freezing wraith hits you.
* * * LOW HITPOINT WARNING * * *
The freezing wraith drains your vigour!
You feel yourself slow down.
Unknown command.
You hit the freezing wraith.
The freezing wraith is moderately damaged.
The frozen ramparts melt away.
You block the freezing wraith's attack. The freezing wraith closely misses you.
You block the freezing wraith's attack. x2
You hit the freezing wraith but do no damage.
Lightning courses through the freezing wraith!
The freezing wraith is heavily damaged.
The freezing wraith hits you!
* * * LOW HITPOINT WARNING * * *
The freezing wraith freezes you. You resist.
* * * LOW HITPOINT WARNING * * *
The freezing wraith hits you!
* * * LOW HITPOINT WARNING * * *
The freezing wraith closely misses you.
The freezing wraith hits you but does no damage.
Unknown command.
You hit the freezing wraith but do no damage.
The freezing wraith is heavily damaged.
The freezing wraith hits you but does no damage.
You block the freezing wraith's attack.
Unknown command.
You closely miss the freezing wraith.
The freezing wraith is heavily damaged.
The freezing wraith hits you.
* * * LOW HITPOINT WARNING * * *
The freezing wraith freezes you. You resist.
* * * LOW HITPOINT WARNING * * *
The freezing wraith hits you!
* * * LOW HITPOINT WARNING * * *
The freezing wraith drains your vigour!
You feel as though you will be slow longer.
You block the freezing wraith's attack. The freezing wraith hits you!
You die...
Your body crumbles into a pile of gold.

................u..........#
........#......#...........#
.##.#####......#..u........#
........'..<...............#
###.#####......###$####....#
......#######.## #$# #....#
..............# #$# #....#
....#.############.# #....#
....#.# #..W@Y$# #....#
....#.# #.###### ######
....#.# #.# ##..#.# #.#
....#.## #.# .......# #.#
....#..# #.# #####..# #.#
.......######.#


You could see a freezing wraith (ally target) and a friendly ice beast
(summoned).

Vanquished Creatures
  Kirke (D:14)
  A minotaur (Gauntlet)
  4 hydras
  Fannar (Lair:1)
  A boulder beetle (D:13)
  2 death knights (D:15)
  3 centaur warriors
  3 two-headed ogres
  A tengu warrior (Gauntlet)
  A skeletal warrior (D:15)
  A death drake (Gauntlet)
  A necromancer (D:13)
  A wizard (D:14)
  A deep elf pyromancer (D:14)
  2 wolf spiders (Lair:1)
  A spectral centaur (Gauntlet)
  2 manticores (D:12)
  2 ugly things (D:13)
  5 cyclopes
  A cane toad (shapeshifter) (D:15)
  2 gargoyles (D:12)
  8 cane toads
  A hellion (Gauntlet)
  A rime drake (Lair:2)
  A freezing wraith (D:15)
  3 komodo dragons
  5 yaktaurs (D:15)
  An unseen horror (D:12)
  2 efreet
  A polar bear (Lair:2)
  2 tengu conjurers (Gauntlet)
  6 meliai
  6 trolls
  A hornet (D:9)
  14 slime creatures
  4 dream sheep (Lair:3)
  Sigmund (D:6)
  A shadow (D:13)
  5 wraiths
  A culicivora (Lair:2)
  2 wyverns (Lair:2)
  19 yaks
  A steam dragon (D:8)
  4 hogs (D:14)
  4 vampire mosquitoes
  Menkaure (D:5)
  A swamp worm (Lair:3)
  2 acid dragons
  7 water moccasins
  4 orc warriors
  2 ice beasts (D:6)
  A black bear (D:6)
  An ogre (D:6)
  19 wolves
  25 centaurs
  A nameless horror (D:5)
  4 kobold brigands
  5 necrophages
  6 bullfrogs
  5 scorpions
  4 wights (D:8)
  14 killer bees
  4 howler monkeys
  2 electric eels (D:8)
  8 hounds
  Crazy Yiuf (D:4)
  A jelly (D:6)
  2 orc priests
  Ijyb (D:3)
  Terence (D:2)
  7 iguanas
  An orc wizard (D:9)
  4 hell rats (Lair:1)
  8 gnolls
  10 adders
  3 white imps
  2 ufetubi (D:6)
  A worm (D:2)
  2 dart slugs
  19 orcs
  4 endoplasms
  4 giant cockroaches
  4 hobgoblins
  35 kobolds
  2 quokkas
  11 ball pythons
  A bat (D:3)
  3 frilled lizards
  4 goblins
  5 rats
383 creatures vanquished.

Vanquished Creatures (collateral kills)
  2 hydras
  A two-headed ogre (D:10)
  A deep elf zephyrmancer (D:13)
  An oklob plant (Lair:2)
  2 manticores
  2 ugly things
  A spectral centaur (Gauntlet)
  A cane toad (Lair:2)
  2 komodo dragons
  An efreet (D:15)
  A queen bee (D:8)
  A polar bear (Lair:2)
  A troll (D:13)
  6 slime creatures
  3 dream sheep (Lair:3)
  A wraith (D:15)
  2 yaks
  2 wyverns (Lair:3)
  2 vampire mosquitoes (D:10)
  A water moccasin (Lair:3)
  2 wolves (Lair:1)
  2 centaurs
  A nameless horror (D:5)
  A bullfrog (Lair:3)
  A necrophage (D:5)
  A scorpion (D:4)
  A gnoll sergeant (D:9)
  2 wights (D:8)
  An electric eel (D:8)
  A howler monkey (D:10)
  3 lava snakes (D:11)
  A hound (D:5)
  3 orc wizards
  A hell rat (Lair:1)
  2 gnolls (D:9)
  6 orcs
  2 kobolds (D:9)
65 creatures vanquished.

Vanquished Creatures (others)
  A centaur warrior (D:13)
  8 fungi
  53 plants
62 creatures vanquished.

Grand Total: 510 creatures vanquished

Notes
Turn   | Place    | Note
-------+----------+-------------------------------------------
     0 | D:1      | gruber the Gnoll Ice Elementalist began the quest for the
                  | Orb.
     0 | D:1      | Reached XP level 1. HP: 13/13 MP: 6/6
    79 | D:1      | Found a faded altar of an unknown god.
   253 | D:1      | Reached XP level 2. HP: 14/19 MP: 7/7
   812 | D:2      | Noticed Terence
   889 | D:3      | Noticed Ijyb
   890 | D:3      | Reached skill level 5 in Spellcasting
   890 | D:3      | Reached XP level 3. HP: 25/25 MP: 7/9
   900 | D:2      | Learned a level 3 spell: Frozen Ramparts
   904 | D:2      | Learned a level 3 spell: Ozocubu's Armour
  1033 | D:2      | Found a stormy altar of Qazlal.
  1066 | D:2      | Killed Terence
  1067 | D:2      | Reached skill level 1 in Fighting
  1067 | D:2      | Reached skill level 1 in Short Blades
  1067 | D:2      | Reached skill level 1 in Long Blades
  1067 | D:2      | Reached skill level 1 in Axes
  1067 | D:2      | Reached skill level 1 in Maces & Flails
  1067 | D:2      | Reached skill level 1 in Polearms
  1067 | D:2      | Reached skill level 1 in Staves
  1067 | D:2      | Reached skill level 1 in Ranged Weapons
  1067 | D:2      | Reached skill level 1 in Throwing
  1067 | D:2      | Reached skill level 1 in Armour
  1067 | D:2      | Reached skill level 1 in Shields
  1067 | D:2      | Reached skill level 1 in Unarmed Combat
  1067 | D:2      | Reached skill level 1 in Invocations
  1067 | D:2      | Reached skill level 1 in Evocations
  1067 | D:2      | Reached XP level 4. HP: 32/32 MP: 1/11
  1558 | D:3      | Killed Ijyb
  1559 | D:3      | Reached skill level 1 in Conjurations
  1559 | D:3      | Reached skill level 1 in Hexes
  1559 | D:3      | Reached skill level 1 in Summonings
  1559 | D:3      | Reached skill level 1 in Necromancy
  1559 | D:3      | Reached skill level 1 in Translocations
  1559 | D:3      | Reached skill level 1 in Transmutations
  1559 | D:3      | Reached skill level 1 in Fire Magic
  1559 | D:3      | Reached skill level 1 in Air Magic
  1559 | D:3      | Reached skill level 1 in Earth Magic
  1559 | D:3      | Reached skill level 1 in Poison Magic
  1638 | D:3      | Found a sacrificial altar of Ru.
  1750 | D:3      | Found a hide-covered altar of Uskayaw.
  1791 | D:3      | Reached XP level 5. HP: 24/37 MP: 12/12
  2423 | D:4      | Found a runed translucent door.
  2424 | D:4      | Noticed Crazy Yiuf
  2611 | D:4      | Learned a level 4 spell: Summon Ice Beast
  2727 | D:4      | Found an opulent altar of Gozag.
  2728 | D:4      | Found a sparkling altar of Nemelex Xobeh.
  2775 | D:4      | Found an ornate altar of the Wu Jian Council.
  2811 | D:4      | Became a worshipper of Gozag Ym Sagoz the Greedy
  2974 | D:4      | Killed Crazy Yiuf
  2975 | D:4      | Reached XP level 6. HP: 23/44 MP: 7/14
  3105 | D:5      | Entered Level 5 of the Dungeon
  3105 | D:5      | Found Zuraekh's Book Shop.
  3111 | D:4      | Reached skill level 5 in Dodging
  3165 | D:4      | HP: 1/44 [scorpion (5)]
  3487 | D:5      | Found a basalt altar of Yredelemnul.
  3487 | D:5      | Found an iron altar of Okawaru.
  3488 | D:5      | Noticed Menkaure
  3498 | D:5      | Killed Menkaure
  3499 | D:5      | Reached XP level 7. HP: 51/51 MP: 8/15
  3729 | D:5      | Reached skill level 5 in Stealth
  3890 | D:5      | Reached XP level 8. HP: 39/58 MP: 14/16
  4031 | D:5      | Found Uraifum's Magic Scroll Emporium.
  4065 | D:5      | Reached skill level 6 in Spellcasting
  4120 | D:5      | Found Bim Goco's Assorted Antiques.
  4130 | D:5      | Bought an embroidered scarf for 208 gold pieces
  4569 | D:5      | Found Doextoj's Armour Shoppe.
  4647 | D:5      | Found a white marble altar of Elyvilon.
  4674 | D:5      | Found Nuiliez's Weapon Shop.
  4748 | D:5      | Found a glowing golden altar of the Shining One.
  5019 | D:6      | Found a stormy altar of Qazlal.
  5021 | D:6      | Noticed a water elemental
  5021 | D:6      | Noticed an air elemental
  5295 | D:6      | Found a runed translucent gate.
  5296 | D:6      | Found a runed translucent gate.
  5296 | D:6      | Found a runed translucent gate.
  5300 | D:6      | Noticed Tenar's ghost (novice OpEE)
  5392 | D:6      | Noticed a yak
  5399 | D:6      | Noticed a yak
  5400 | D:6      | Noticed a yak
  5405 | D:6      | Killed a yak
  5410 | D:6      | Killed a yak
  5411 | D:6      | Reached XP level 9. HP: 63/65 MP: 10/18
  5573 | D:6      | Reached skill level 5 in Invocations
  5813 | D:6      | Noticed Sigmund
  5821 | D:6      | Killed Sigmund
  6083 | D:7      | Found a staircase to the Ecumenical Temple.
  6135 | D:7      | Reached skill level 7 in Spellcasting
  6526 | D:7      | Reached skill level 5 in Fighting
  6526 | D:7      | Reached skill level 5 in Short Blades
  6526 | D:7      | Reached skill level 5 in Long Blades
  6526 | D:7      | Reached skill level 5 in Axes
  6526 | D:7      | Reached skill level 5 in Maces & Flails
  6526 | D:7      | Reached skill level 5 in Polearms
  6526 | D:7      | Reached skill level 5 in Staves
  6526 | D:7      | Reached skill level 5 in Ranged Weapons
  6526 | D:7      | Reached skill level 5 in Throwing
  6526 | D:7      | Reached skill level 5 in Armour
  6526 | D:7      | Reached skill level 5 in Shields
  6526 | D:7      | Reached skill level 5 in Unarmed Combat
  6526 | D:7      | Reached skill level 5 in Evocations
  6526 | D:7      | Reached XP level 10. HP: 74/74 MP: 8/20
  6614 | D:7      | Found a shimmering blue altar of Sif Muna.
  8372 | D:8      | Found a staircase to the Lair.
  8690 | D:8      | Found a broken altar of Ashenzari.
  9714 | D:9      | Noticed a cyclops
 10094 | D:9      | Killed a cyclops
 10095 | D:9      | Reached skill level 8 in Spellcasting
 10095 | D:9      | Reached skill level 5 in Conjurations
 10095 | D:9      | Reached skill level 5 in Hexes
 10095 | D:9      | Reached skill level 5 in Summonings
 10095 | D:9      | Reached skill level 5 in Necromancy
 10095 | D:9      | Reached skill level 5 in Translocations
 10095 | D:9      | Reached skill level 5 in Transmutations
 10095 | D:9      | Reached skill level 5 in Fire Magic
 10095 | D:9      | Reached skill level 5 in Air Magic
 10095 | D:9      | Reached skill level 5 in Earth Magic
 10095 | D:9      | Reached skill level 5 in Poison Magic
 10095 | D:9      | Reached XP level 11. HP: 75/81 MP: 11/23
 10398 | D:9      | Found Leefika's General Store.
 10517 | D:9      | Found a burning altar of Makhleb.
 10553 | D:9      | Found a hazy altar of Hepliaklqana.
 10589 | D:10     | Entered Level 10 of the Dungeon
 10978 | D:10     | Noticed a two-headed ogre
 10991 | D:10     | Killed a two-headed ogre
 11089 | D:10     | Learned a level 3 spell: Hailstorm
 11308 | D:10     | Noticed a two-headed ogre
 11410 | D:10     | Killed a two-headed ogre
 12061 | D:11     | Noticed an orange crystal statue
 12133 | D:11     | Noticed a manticore
 12143 | D:11     | Killed a manticore
 12816 | D:11     | Found a portal to a secret trove of treasure.
 12895 | D:11     | Noticed a cyclops
 12906 | D:11     | Killed a cyclops
 13356 | D:12     | Noticed a cyclops
 13368 | D:12     | Killed a cyclops
 13369 | D:12     | Reached XP level 12. HP: 83/91 MP: 15/24
 13449 | D:12     | Found a staircase to the Orcish Mines.
 13677 | D:12     | You fall into a shaft and drop 3 floors!
 13677 | D:15     | Entered Level 15 of the Dungeon
 13766 | D:15     | Found an iron altar of Okawaru.
 13899 | D:15     | Noticed a boulder beetle
 14266 | D:13     | Noticed a boulder beetle
 14268 | D:13     | Identified the +5 battleaxe of Xiotixof {flame, rPois rN+
                  | Str-4 Int+4}
 14510 | D:14     | Noticed a centaur warrior
 14533 | D:14     | Got the Anthology of Mustering
 14536 | D:14     | Noticed Kirke
 14547 | D:14     | Reached skill level 9 in Spellcasting
 14555 | D:14     | Killed a centaur warrior
 14556 | D:14     | Noticed a centaur warrior
 14559 | D:14     | Noticed an eight-headed hydra
 14560 | D:14     | Killed a centaur warrior
 14562 | D:14     | Killed Kirke
 14572 | D:14     | Killed an eight-headed hydra
 15023 | D:13     | Killed a boulder beetle
 15463 | D:13     | Noticed a centaur warrior
 15472 | D:13     | Killed a centaur warrior
 15473 | D:13     | Reached XP level 13. HP: 66/98 MP: 5/26
 15778 | D:13     | Reached skill level 10 in Ice Magic
 16606 | D:13     | Found a gate to the Vaults.
 16980 | D:13     | Identified the amulet "Qyghirr" {Reflect Rampage rF++ rC-
                  | SH+5 SInv}
 17292 | D:12     | Found a runed translucent gate.
 17293 | D:12     | Found a runed translucent gate.
 17293 | D:12     | Noticed Bane11's ghost (journeyman DsBe)
 17294 | D:12     | Found a runed translucent gate.
 17335 | D:12     | Reached skill level 10 in Spellcasting
 18746 | D:12     | Identified a scroll of acquirement
 18754 | D:12     | Acquired a book of Lightning
 18953 | Lair:1   | Entered Level 1 of the Lair of Beasts
 18993 | Lair:1   | Reached skill level 10 in Dodging
 19023 | Lair:1   | Found a gate leading to a gauntlet.
 19044 | Gauntlet | Entered a Gauntlet
 19044 | Gauntlet | Found a transporter.
 19044 | Gauntlet | Found a transporter.
 19048 | Gauntlet | Found a transporter.
 19048 | Gauntlet | Found a transporter.
 19057 | Gauntlet | Found a transporter.
 19076 | Gauntlet | Found a transporter.
 19078 | Gauntlet | Found a transporter.
 19086 | Gauntlet | Found a transporter.
 19086 | Gauntlet | Found a transporter.
 19130 | Gauntlet | Found a transporter.
 19172 | Gauntlet | Found a transporter.
 19187 | Gauntlet | Found a transporter.
 19203 | Gauntlet | Found a transporter.
 19203 | Gauntlet | Noticed a great orb of eyes
 19303 | Gauntlet | Found a transporter.
 19317 | Gauntlet | Found a transporter.
 19330 | Gauntlet | Found a transporter.
 19825 | Gauntlet | Identified the +0 hat of the Poles {rF+++}
 19957 | Gauntlet | Got Mutuqawu's Compilation of Transmigration and
                  | Interference
 19958 | Gauntlet | Identified the +0 helmet "Damnable Contraption" {Str+2}
 19993 | Gauntlet | Identified the +6 flail of Viqufon {elec, Int+6}
 19993 | Gauntlet | Noticed a minotaur
 20035 | Gauntlet | Killed a minotaur
 20051 | Gauntlet | Identified the +0 scale mail of Wyzofann {Dex+2}
 20060 | Gauntlet | Identified the +3 ring mail of Siczimm {+Blink +Inv}
 20177 | Lair:1   | Reached skill level 10 in Stealth
 20356 | Lair:1   | Noticed Fannar
 20397 | Lair:1   | Killed Fannar
 20739 | Lair:1   | Reached XP level 14. HP: 92/108 MP: 19/28
 20744 | Lair:1   | Reached skill level 10 in Invocations
 22368 | Lair:2   | Found a hole to the Spider Nest.
 24023 | D:5      | Bought a +1 kite shield of protection for 181 gold pieces
 24373 | D:15     | Found a staircase to the Depths.
 24373 | D:15     | Noticed a fire giant
 24825 | D:15     | Reached skill level 11 in Spellcasting
 25070 | D:15     | HP: 3/109 [freezing wraith[a death knight] (8)]
 25070 | D:15     | Slain by a freezing wraith

Illustrated notes

Levels and vault maps discovered:
D:1:      grunt_arrival_lava_bath, layout_basic,
          hellmonk_ecumenical_altar_lost_god
D:2:      layout_loops_ring, basic_altar, uniq_terence
D:3:      layout_rooms, mainiacjoe_overflow_24_doors,
          eat_drink_and_be_merry_uskayaw, chequers_jeans, uniq_ijyb
D:4:      layout_cave_pools, grunt_temple_overflow_opulence,
          pdpol_wu_jian_five_deadly_venoms, uniq_crazy_yiuf_cottage
D:5:      layout_rooms, nicolae_elyvilon_temple_path,
          lemuel_coloured_pillars_altar, mainiacjoe_overflow_divided_tiny,
          serial_shops, shop, shop, nicolae_stop_n_shop_2,
          nicolae_shop_advertising_works [nicolae_subvault_shop_adworks], shop,
          uniq_menkaure
D:6:      layout_basic, nicolae_qazlal_style_of_elements,
          ebering_ghost_rock_garden, minmay_joined_circles, uniq_sigmund
D:7:      kennysheep_kobold_camp, layout_basic, amcnicky_altar_gilded,
          minmay_temple_entry_overgrown, nicolae_fountain_basement
D:8:      layout_basic, lemuel_tele_altar, erik_lair_island,
          nicolae_looking_at_the_future
D:9:      layout_loops_cross, nzn_hepliaklqana_mist_gate,
          lightli_temple_of_fire, serial_shops, shop
D:10:     layout_long_grid
D:11:     layout_grid_maze, nicolae_trove_entry_columns, disabler_island
D:12:     layout_roguey, david_orc_2, gammafunk_ghost_nasty_kobolds,
          feat_on_display
D:13:     layout_long_grid, david_vaults_1, nicolae_eternal_life
D:14:     layout_rooms, minmay_misc_feat_hallway, minmay_fountain_box,
          uniq_kirke
D:15:     grunt_enter_depths_giant_problem, layout_basic,
          okawaru_metal_pillars_1_2
Lair:1:   layout_hall_layers, gauntlet_entry_generic, minivault_27,
          nicolae_lair_run_with_the_wolves, uniq_fannar
Lair:2:   layout_regular_city, spider_nest_entry_rubble, serial_bayou_crossing,
          grunt_megastairs_5
Lair:3:   layout_cave_pods, palyth_hydra_swamp_entry,
          chequers_serial_rivers_micro_d, serial_bayou_shore_a

Skill      XL: |  1  2  3  4  5  6  7  8  9 10 11 12 13 14 |
---------------+-------------------------------------------+-----
Spellcasting   | 5 6 7 8 9 10 11 | 11.0
Fighting       | 1 2 3 5 6 7 8 9 |  9.8
Short Blades   | 1 2 3 5 6 7 8 9 |  9.8
Long Blades    | 1 2 3 5 6 7 8 9 |  9.8
Axes           | 1 2 3 5 6 7 8 9 |  9.8
Maces & Flails | 1 2 3 5 6 7 8 9 |  9.8
Polearms       | 1 2 3 5 6 7 8 9 |  9.8
Staves         | 1 2 3 5 6 7 8 9 |  9.8
Ranged Weapons | 1 2 3 5 6 7 8 9 |  9.8
Throwing       | 1 2 3 5 6 7 8 9 |  9.8
Armour         | 1 2 3 5 6 7 8 9 |  9.8
Shields        | 1 2 3 5 6 7 8 9 |  9.8
Unarmed Combat | 1 2 3 5 6 7 8 9 |  9.8
Invocations    | 1 2 3 4 5 6 7 8 9 10 | 10.7
Evocations     | 1 2 3 5 6 7 8 9 |  9.8
Conjurations   | 1 2 3 4 5 6 7 8 |  8.2
Hexes          | 1 2 3 4 5 6 7 8 |  8.2
Summonings     | 1 2 3 4 5 6 7 8 |  8.2
Necromancy     | 1 2 3 4 5 6 7 8 |  8.2
Translocations | 1 2 3 4 5 6 7 8 |  8.2
Transmutations | 1 2 3 4 5 6 7 8 |  8.2
Fire Magic     | 1 2 3 4 5 6 7 8 |  8.2
Air Magic      | 1 2 3 4 5 6 7 8 |  8.2
Earth Magic    | 1 2 3 4 5 6 7 8 |  8.2
Poison Magic   | 1 2 3 4 5 6 7 8 |  8.2
Dodging        | 5 6 7 8 9 10 | 10.9
Stealth        | 5 6 7 8 9 10 | 10.7
Ice Magic      | 8 9 10 | 10.9

Action                   |  1- 3 |  4- 6 |  7- 9 | 10-12 | 13-15 || total
-------------------------+-------+-------+-------+-------+-------++-------
Melee: War axe           |       |     4 |    31 |       |       ||    35
       Bite              |       |     2 |     3 |    33 |    46 ||    84
       Punch             |       |     1 |       |    18 |    22 ||    41
       Demon whip        |       |       |    11 |   281 |   144 ||   436
       Flail             |       |       |       |       |   172 ||   172
 Fire: Sling             |    74 |    99 |   228 |    96 |       ||   497
 Cast: Freeze            |     3 |     6 |     1 |    47 |    38 ||    95
       Frozen Ramparts   |     3 |    11 |    28 |    60 |    68 ||   170
       Ozocubu's Armour  |     1 |     5 |    10 |    48 |    54 ||   118
       Summon Ice Beast  |       |     2 |     6 |    43 |    57 ||   108
       Hailstorm         |       |       |       |     9 |    32 ||    41
Invok: Potion Petition   |       |       |       |       |     1 ||     1
Evoke: Wand              |       |       |       |    11 |     2 ||    13
  Use: Scroll            |       |       |       |    11 |     7 ||    18
       Potion            |       |       |       |     1 |     3 ||     4
 Stab: Sleeping          |       |       |       |     2 |     4 ||     6
       Distracted        |       |       |       |     1 |     4 ||     5
Armor: Robe              |     7 |    13 |    37 |   129 |    42 ||   228
       Ring mail         |       |       |       |       |   106 ||   106
Dodge: Dodged            |    28 |    38 |    82 |   321 |   209 ||   678
       Repelled          |       |       |       |       |     1 ||     1
Block: Other             |       |       |       |       |    49 ||    49
       Reflection        |       |       |       |       |     5 ||     5
       Kite shield       |       |       |       |       |    69 ||    69

Table legend: (Time is in decaauts)
 A = Elapsed time spent in this place.
 B = Non-inter-level travel time spent in this place.
 C = Inter-level travel time spent in this place.
 D = Time resting spent in this place.
 E = Time spent auto-exploring this place.
 F = Levels seen in this place.
 G = Mean time per level.
                   A        B        C        D        E       F      G
               +--------+--------+--------+--------+--------+-----+--------+
         Total |  25129 |  24092 |   1037 |    591 |  19321 |  19 | 1322.6 |
       Dungeon |  20129 |  19178 |    951 |    478 |  15509 |  15 | 1341.9 |
          Lair |   3964 |   3878 |     86 |    113 |   3267 |   3 | 1321.3 |
      Gauntlet |   1035 |   1035 |      0 |      0 |    545 |   1 | 1035.0 |
               +--------+--------+--------+--------+--------+-----+--------+

Top non-repeatable levels by time:
     D:8: 2221 daAuts
    D:13: 2086 daAuts
    D:12: 2046 daAuts
    D:11: 1695 daAuts
  Lair:1: 1576 daAuts
     D:5: 1425 daAuts
  Lair:2: 1391 daAuts
     D:9: 1297 daAuts
     D:4: 1294 daAuts
     D:6: 1260 daAuts
    D:14: 1193 daAuts
     D:7: 1186 daAuts
    D:10: 1136 daAuts
Gauntlet: 1035 daAuts
    D:15: 1033 daAuts
